 Dungeon Crawl Stone Soup version 0.26.0-16-gc1dbca0489 (webtiles) character file.

Game seed: 7623378161100211094

165 thiole the Sneak (level 5, 0/31 HPs)
             Began as an Octopode Hedge Wizard on Jan 22, 2021.
             Slain by Grinder (8 damage)
             ... on level 3 of the Dungeon.
             The game lasted 00:03:53 (3444 turns).

thiole the Sneak (Octopode Hedge Wizard)            Turns: 3444, Time: 00:03:53

Health: 0/31       AC:  1    Str:  9    XL:     5   Next: 46%
Magic:  6/10       EV: 13    Int: 18    God:
Gold:   166        SH:  4    Dex: 11    Spells: 10/11 levels left

rFire    . . .     SeeInvis .   h - +2 spear (venom)
rCold    + . .     Faith    .   c - +0 buckler
rNeg     . . .     Spirit   .   b - +0 hat
rPois    .         Reflect  .   e - amulet of regeneration
rElec    .         Harm     .   (no ring)
rCorr    +         Rampage  .   s - ring of resist corrosion
Will     .....                  p - ring of protection from cold
Stlth    +++.......             (no ring)
HPRegen  0.50/turn              (no ring)
MPRegen  0.12/turn              (no ring)
                                (no ring)
                                (no ring)

@: no status effects
A: almost no armour, stealthy swim, amphibious, 8 rings, constrict 8, camouflage
1, gelatinous body 1
a: no special abilities


You were on level 3 of the Dungeon.
You visited 1 branch of the dungeon, and saw 3 of its levels.

You collected 166 gold pieces.

Inventory:

Hand Weapons
 a - a +0 dagger
 h - a +2 spear of venom (weapon)
Armour
 b - a +0 hat (worn)
 c - a +0 buckler (worn)
Jewellery
 e - an amulet of regeneration (around mantle)
 i - a -4 ring of intelligence
 p - a ring of protection from cold (on tentacle)
 s - a ring of resist corrosion (right tentacle)
Wands
 q - a wand of iceblast (7)
Scrolls
 d - 3 scrolls of teleportation
 f - a scroll of blinking {unknown}
 g - a scroll of fear {unknown}
 n - a scroll of enchant weapon {unknown}
 o - a scroll of enchant armour {unknown}
 r - 2 scrolls of magic mapping
 u - a scroll of identify {unknown}
 v - a scroll of immolation {unknown}
Potions
 j - 3 potions of curing {unknown}
 k - 2 potions of haste
 l - 2 potions of brilliance {unknown}
 m - a potion of ambrosia {unknown}
 t - a potion of attraction {unknown}
 w - a potion of lignification


   Skills:
 - Level 2.0 Dodging
 + Level 4.1 Stealth
 * Level 2.8 Shields
 + Level 3.5 Spellcasting
 - Level 2.0 Conjurations
 - Level 2.0 Summonings
 - Level 1.0 Translocations


You had 10 spell levels left.
You knew the following spells:

 Your Spells              Type           Power        Failure   Level
a - Magic Dart            Conj           40%          8%          1

Your spell library contained the following spells:

 Spells                   Type           Power        Failure   Level
 Call Imp                 Summ           10%          12%         2
 Blink                    Tloc           N/A          19%         2
 Slow                     Hex            3%           26%         2
 Conjure Flame            Conj/Fire      6%           34%         3
 Mephitic Cloud           Conj/Pois/Air  5%           38%         3


Dungeon Overview and Level Annotations

Branches:
Dungeon (3/15)

Altars:
Nemelex Xobeh
Zin

Annotations:
D:3 Grinder


Innate Abilities, Weirdness & Mutations

You cannot wear most types of armour.
You are very stealthy in the water. (Stealth+)
You are amphibious.
You can wear up to eight rings at the same time.
You can use your tentacles to constrict eight enemies at once.
Your skin changes colour to match your surroundings (Stealth+).
Your rubbery body absorbs attacks. (AC +1, EV +1)


Message History

Press: ? - help, Dir - move target, f/p - Grinder
Aim: Grinder, carrying a wand of digging (3) (moderately wounded, constricted by you)
You hit Grinder.
Grinder is heavily wounded.
You constrict Grinder, but do no damage.
Grinder hits you. Grinder hits you!
You writhe in agony.
* * * LOW HITPOINT WARNING * * *
Reach: h) +2 spear (venom)
Press: ? - help, Dir - move target, f/p - Grinder
Aim: Grinder, carrying a wand of digging (3) (heavily wounded, constricted by you)
You hit Grinder.
Grinder is heavily wounded.
You constrict Grinder. Grinder closely misses you.
Reach: h) +2 spear (venom)
Press: ? - help, Dir - move target, f/p - Grinder
Aim: Grinder, carrying a wand of digging (3) (heavily wounded, constricted by you)
You hit Grinder.
Grinder is heavily wounded.
You constrict Grinder. Grinder hits you!
You die...

#.####.# #.# #......# #.#
#######.###### #.#
***#####^......# #.#
*,,............# ##.##
*,,............##########...#
*,,.....................#.#..
*,,.#...)#...#.####**#......#
**,.........@...# #..##.##
*,...##...5.=..# #..##.#
*,...##....#...# ####..##.#
**,......[..#.### #.>>..##.#
*,,.#....#....# #.##.###.##
*,,...........# #.##.###...
*,,...........#* ##.##..#####
*,,,.####......###...#...# #
****** ***,.......#....## #


You could see Grinder.

Vanquished Creatures
  A hound (D:2)
  2 gnolls (D:1)
  5 adders
  An ooze (D:3)
  3 worms (D:2)
  3 dart slugs
  4 leopard geckos
  7 bats
  A giant cockroach (D:3)
  5 goblins
  8 hobgoblins
  A quokka (D:3)
  A ball python (D:2)
  2 frilled lizards
  7 kobolds
  6 rats
57 creatures vanquished.

Notes
Turn   | Place    | Note
-------+----------+-------------------------------------------
     0 | D:1      | thiole the Octopode Hedge Wizard began the quest for the
                  | Orb.
     0 | D:1      | Reached XP level 1. HP: 11/11 MP: 4/4
   338 | D:1      | Reached XP level 2. HP: 17/17 MP: 3/6
   381 | D:1      | Reached skill level 3 in Stealth
   843 | D:1      | Reached XP level 3. HP: 12/21 MP: 0/7
  1253 | D:1      | Reached skill level 1 in Shields
  1861 | D:2      | Reached XP level 4. HP: 27/27 MP: 5/8
  2193 | D:2      | Found a glowing silver altar of Zin.
  2288 | D:2      | Reached XP level 5. HP: 22/31 MP: 6/10
  2481 | D:2      | Reached skill level 4 in Stealth
  3062 | D:3      | Found a sparkling altar of Nemelex Xobeh.
  3431 | D:3      | Noticed Grinder
  3444 | D:3      | Slain by Grinder

Illustrated notes

Levels and vault maps discovered:
D:1:      dpeg_arrival_round_c, layout_basic, solitary_fountain
D:2:      layout_loops_cross, zin_treasury
D:3:      layout_loops_ring, lemuel_coloured_pillars_altar,
          general_overflow_altar, skrybe_limestone_x, uniq_grinder

Skill      XL: |  1  2  3  4  5 |
---------------+----------------+-----
Stealth        | 3 4 |  4.1
Shields        | 1 2 |  2.8
Conjurations   | 2 |  2.0
Summonings     | 2 |  2.0
Dodging        | |  2.0
Spellcasting   | |  3.5
Translocations | |  1.0

Action                   |  1- 3 |  4- 6 || total
-------------------------+-------+-------++-------
Melee: Dagger            |    25 |       ||    25
       Constrict         |    13 |     8 ||    21
       Tentacles         |     6 |     3 ||     9
       Spear             |     8 |    42 ||    50
 Cast: Magic Dart        |    61 |    66 ||   127
  Use: Potion            |     1 |       ||     1
       Scroll            |       |     4 ||     4
 Stab: Sleeping          |       |     2 ||     2
Armor: Skin              |     1 |     1 ||     2
Dodge: Dodged            |    17 |    14 ||    31
Block: Buckler           |     2 |     3 ||     5
